 Dungeon Crawl Stone Soup version 0.28-a0-1447-ga5a8893891 (webtiles) character file.

Game seed: 14620832311480102454

919 kae the Changer (level 7, 0/62 HPs)
             Began as a Pale Draconian Transmuter on Jan 10, 2022.
             Slain by a centaur (3 damage)
             ... on level 5 of the Dungeon.
             The game lasted 00:05:57 (6471 turns).

kae the Changer (Pale Draconian Transmuter)         Turns: 6471, Time: 00:05:57

Health: 0/62       AC:  7    Str: 12    XL:     7   Next: 83%
Magic:  13/13      EV: 10    Int: 16    God:
Gold:   161        SH:  0    Dex: 11    Spells: 6/14 levels left

rFire   x . .      SeeInvis +     - Unarmed
rCold   + + +      Faith    .   (shield currently unavailable)
rNeg    . . .      Spirit   .   (armour unavailable)
rPois   +          Reflect  .   (helmet currently unavailable)
rElec   .          Harm     .   (cloak currently unavailable)
rCorr   .          Rampage  .   (gloves currently unavailable)
Will    .....                   (boots currently unavailable)
Stlth   +.........              b - amulet of the acrobat
HPRegen 0.20/turn               j - ring of see invisible
MPRegen 0.13/turn               c - ring of poison resistance

@: ice-form (expiring)
A: freezing attack, amphibious, boosted hp, (breathe steam), AC +6, large,
unfitting armour, (cold-blooded), (steam resistance)
a: End Transformation


You were on level 5 of the Dungeon.
You were a creature of crystalline ice.
You visited 1 branch of the dungeon, and saw 5 of its levels.

You collected 211 gold pieces.
You spent 50 gold pieces at shops.

Inventory:

Armour
 f - the +2 pair of boots of the Planets (melded) {rN+ Int+3 Stlth+}
   (You acquired it on level 3 of the Dungeon)

   Int:       It affects your intelligence (+3).
   rN:        It protects you from negative energy.
   Stlth:     It makes you more stealthy.
Jewellery
 b - an amulet of the acrobat (around neck)
 c - a ring of poison resistance (right front paw)
 h - a ring of magical power
 j - a ring of see invisible (left front paw)
Wands
 l - a wand of flame (13)
Scrolls
 g - 2 scrolls of teleportation {unknown}
Potions
 a - a potion of flight
 d - a potion of lignification
 e - 2 potions of berserk rage
 k - a potion of curing {unknown}


   Skills:
 - Level 1.1 Fighting
 - Level 1.7 Dodging
 - Level 3.0 Unarmed Combat
 + Level 4.2 Spellcasting
 * Level 6.2 Transmutations
 * Level 4.8 Ice Magic
 - Level 1.0 Poison Magic


You had 6 spell levels left.
You knew the following spells:

 Your Spells              Type           Power      Damage    Failure   Level
a - Beastly Appendage     Tmut           46%        N/A       1%          1
b - Spider Form           Tmut/Pois      14%        N/A       11%         3
c - Ice Form              Ice/Tmut       21%        N/A       17%         4

Your spell library contained the following spells:

 Spells                   Type           Power      Damage    Failure   Level
 Wereblood                Tmut           23%        N/A       1%          2
 Magic Dart               Conj           12%        1d3       17%         1
 Call Imp                 Summ           3%         N/A       26%         2
 Mephitic Cloud           Conj/Pois/Air  4%         N/A       41%         3


Dungeon Overview and Level Annotations

Branches:
Dungeon (5/15)
 Temple: D:4-7

Altars:
Ashenzari

Shops:
D:3 *?(

Annotations:
D:5 Grinder


Innate Abilities, Weirdness & Mutations

You are a creature of crystalline ice.
You have a powerful freezing melee attack.
You are amphibious.
Your maximum health is increased.
Your armour is entirely melded.
You are incapable of wielding weapons or throwing items.
((You can breathe blasts of scalding, opaque steam.))
((Your pale cyan-grey scales are hard. (AC +6)))
You cannot fit into any form of body armour.
((You are cold-blooded and may be slowed by cold attacks.))
((You are immune to the effects of steam.))


Message History

The water moccasin is moderately wounded.
You feel sick.
The water moccasin bites you but does no damage.
The water moccasin closely misses you.
You closely miss the water moccasin.
The water moccasin is moderately wounded.
The water moccasin bites you.
You closely miss the water moccasin.
The water moccasin is moderately wounded.
You feel sick.
You are no longer poisoned.
The water moccasin closely misses you.
You barely miss the water moccasin.
The water moccasin is moderately wounded.
Your transformation is almost over.
The water moccasin bites you but does no damage.
You hit the water moccasin. You freeze the water moccasin.
The water moccasin is heavily wounded.
The water moccasin bites you.
* * * LOW HITPOINT WARNING * * *
The water moccasin bites you but does no damage.
You hit the water moccasin. You freeze the water moccasin.
The water moccasin is severely wounded.
The water moccasin bites you but does no damage.
You barely miss the water moccasin.
The water moccasin is severely wounded.
The water moccasin bites you.
* * * LOW HITPOINT WARNING * * *
The water moccasin bites you!
* * * LOW HITPOINT WARNING * * *
You punch the water moccasin! You freeze the water moccasin.
You kill the water moccasin!
The centaur unwields a +0 shortbow.
The centaur barely misses you.
The centaur kicks you but does no damage.
Okay, then.
You barely miss the centaur.
The centaur hits you but does no damage.
The centaur kicks you but does no damage.
You hit the centaur but do no damage. The centaur hits you.
You die...

#....# ##.......###
#....# ##......'.#
##..## ###....#.#
###...## ######.#
#......# #..#
#......# #.##
#......# #.# #...).##
#.# #....Y)#
######.#### ######c#
#.......... #....#
#....)..... ........#
##.......## c$.....##
#...###'## ?.##..S
#...##..## . #...
#...##...# ....
#...##...#
.....#######........#


You could see a centaur.

Vanquished Creatures
  A water moccasin (D:5)
  An orc warrior (D:5)
  An ice beast (D:5)
  A necrophage (D:5)
  A scorpion (D:4)
  An orc priest (D:4)
  A hound (D:5)
  3 jellies
  An iguana (D:4)
  4 orc wizards
  7 adders
  An ufetubus (D:3)
  3 adder skeletons
  7 worms
  3 dart slugs
  12 orcs
  7 ball pythons
  6 bats
  10 endoplasms
  2 giant cockroaches
  6 goblins
  5 hobgoblins
  9 jackals
  3 quokkas
  4 frilled lizards (D:2)
  6 kobolds
  5 rats
111 creatures vanquished.

Notes
Turn   | Place    | Note
-------+----------+-------------------------------------------
     0 | D:1      | kae the Draconian Transmuter began the quest for the Orb.
     0 | D:1      | Reached XP level 1. HP: 16/16 MP: 3/3
   277 | D:1      | Reached XP level 2. HP: 16/23 MP: 5/5
   606 | D:1      | Reached skill level 3 in Transmutations
   903 | D:1      | Found a faded altar of an unknown god.
   937 | D:1      | Reached XP level 3. HP: 28/28 MP: 4/6
   941 | D:1      | Learned a level 3 spell: Spider Form
  1900 | D:2      | Reached skill level 1 in Poison Magic
  2041 | D:2      | Reached XP level 4. HP: 35/35 MP: 8/8
  2046 | D:2      | Learned a level 4 spell: Ice Form
  2478 | D:3      | Identified a scroll of acquirement
  2478 | D:3      | Acquired the +2 pair of boots of the Planets {rN+ Int+3
                  | Stlth+}
  2553 | D:3      | Found Ejaorucuo's Magic Scroll Shoppe.
  2558 | D:3      | Reached skill level 1 in Ice Magic
  2569 | D:3      | Bought a scroll of identify for 26 gold pieces
  2602 | D:3      | Found Iczefi's Weapon Shop.
  2691 | D:3      | Found Xacayc's Assorted Antiques.
  2697 | D:3      | Bought a bubbling black potion for 24 gold pieces
  2946 | D:3      | Reached skill level 4 in Transmutations
  3068 | D:3      | Reached XP level 5. HP: 30/40 MP: 6/9
  4039 | D:4      | Noticed an orc warrior
  4735 | D:4      | Reached XP level 6. HP: 44/47 MP: 5/10
  4955 | D:4      | Found a broken altar of Ashenzari.
  5458 | D:5      | Entered Level 5 of the Dungeon
  5707 | D:5      | Killed an orc warrior
  5708 | D:5      | Reached skill level 5 in Transmutations
  6103 | D:5      | Noticed Grinder
  6122 | D:5      | Your scales start taking on a pale cyan-grey colour.
  6122 | D:5      | Reached XP level 7. HP: 40/52 MP: 9/12
  6122 | D:5      | Gained mutation: You are immune to the effects of steam.
                  | [Pale Draconian growth]
  6348 | D:5      | Noticed a gargoyle
  6444 | D:5      | Reached skill level 6 in Transmutations
  6468 | D:5      | HP: 2/62 [water moccasin (8)]
  6471 | D:5      | Slain by a centaur

Illustrated notes

Levels and vault maps discovered:
D:1:      minmay_arrival_wavy_path, layout_basic,
          dreamdust_ecumenical_altar_statues, minmay_tromino_mix6
D:2:      kb_forest_paths, layout_basic
D:3:      layout_basic, serial_shops,
          nicolae_shop_temple_entry_statues_fountains, nicolae_shop_trees,
          nicolae_shop_statue_plus, nicolae_wormholes
D:4:      layout_rooms, nicolae_ashenzari_panopticon, guppyfry_early_orc_mine
D:5:      layout_gridville, grunt_decor_clamped, lightli_corner_chamber,
          uniq_grinder

Skill      XL: |  1  2  3  4  5  6  7 |
---------------+----------------------+-----
Transmutations | 3 4 5 6 |  6.2
Poison Magic   | 1 |  1.0
Ice Magic      | 1 2 3 4 |  4.8
Spellcasting   | 3 4 |  4.2
Fighting       | |  1.1
Dodging        | |  1.7
Unarmed Combat | |  3.0

Action                   |  1- 3 |  4- 6 |  7- 9 || total
-------------------------+-------+-------+-------++-------
Melee: Unarmed           |   130 |   198 |    50 ||   378
       Tailslap          |    15 |     8 |       ||    23
       Kick              |    22 |    12 |       ||    34
       Headbutt          |    10 |     7 |       ||    17
       Punch             |     4 |       |       ||     4
 Cast: Beastly Appendage |    31 |    18 |       ||    49
       Spider Form       |       |    18 |       ||    18
       Ice Form          |       |     5 |     3 ||     8
 Abil: Breathe Steam     |       |       |     1 ||     1
Evoke: Wand              |       |     4 |       ||     4
  Use: Scroll            |     2 |     6 |       ||     8
 Stab: Sleeping          |       |     1 |       ||     1
Armor: Skin              |    42 |    43 |    27 ||   112
Dodge: Dodged            |   139 |   179 |    20 ||   338

Table legend: (Time is in decaauts)
 A = Elapsed time spent in this place.
 B = Non-inter-level travel time spent in this place.
 C = Inter-level travel time spent in this place.
 D = Time resting spent in this place.
 E = Time spent auto-exploring this place.
 F = Levels seen in this place.
 G = Mean time per level.
                   A        B        C        D        E       F      G
               +--------+--------+--------+--------+--------+-----+--------+
         Total |   6455 |   6273 |    182 |    415 |   4851 |   5 | 1291.0 |
       Dungeon |   6455 |   6273 |    182 |    415 |   4851 |   5 | 1291.0 |
               +--------+--------+--------+--------+--------+-----+--------+

Top non-repeatable levels by time:
     D:3: 1620 daAuts
     D:4: 1593 daAuts
     D:2: 1265 daAuts
     D:1: 1202 daAuts
     D:5: 772 daAuts
